Mulligans vs Senators (R1)

Created - February 1, 2021 at 19:06

Goals
1 2 3 T
Mulligans 3 1 0 4
Senators 2 1 3 6
Shots
1 2 3 T
Mulligans 17 6 8 31
Senators 11 16 8 35

1st period

1. Mulligans , Logan Shaw 21 (Anton Lander 40, Sven Baertschi 17) at 4:41 (PP)
2. Mulligans , Ben Hutton 4 (Joonas Donskoi 11, Sam Bennett 14) at 6:10 (PP)
3. Mulligans , Sven Baertschi 18 (Anton Lander 41) at 11:49
4. Senators , Chandler Stephenson 7 (Zachary Sanford 13) at 12:43
5. Senators , Zemgus Girgensons 16 (Kevin Rooney 14) at 17:33

Penalties :
Tomas Jurco (BIN) for Tripping (Minor) at 2:01, Tomas Jurco (BIN) for Hooking (Minor) at 4:35, Nick Foligno (BIN) for Hooking (Minor) at 5:40, Sam Bennett (Rep) for Tripping (Minor) at 7:10

2nd period

6. Mulligans , Sven Baertschi 19 (Anton Lander 42, Logan Shaw 29) at 8:39 (PP)
7. Senators , Nick Foligno 21 (Scott Harrington 15, Eric Mestery 4) at 11:49

Penalties :
Sam Bennett (Rep) for Holding (Minor) at 0:27, Ilya Lyubushkin (Rep) for Interference (Minor) at 1:43, Jonathan Ferland (BIN) for Hooking (Minor) at 5:30, A.J. Jenks (BIN) for Elbowing (Minor) at 8:11, Keegan Lowe (BIN) for High sticking (Minor) at 15:54, Robby Fabbri (Rep) for High sticking (Minor) at 18:34

3rd period

8. Senators , Nick Foligno 22 (Jonathan Ferland 36, Jordan Schroeder 12) at 3:18
9. Senators , Jonathan Ferland 28 (Jordan Schroeder 13, Nick Foligno 23) at 14:03 (PP)
10. Senators , A.J. Jenks 9 (Anthony Richard 3, Dylan Blujus 13) at 19:53 (Empty Net)

Penalties :
Brett Bulmer (BIN) for Interference (Minor) at 10:59, Reid Boucher (Rep) for High sticking (Double Minor) at 13:46

Goalie Stats

Calvin Pickard (Rep), 29 saves from 34 shots - (0.853), L, 12-20-1, 58:52 minutes
Justin Peters (BIN), 27 saves from 31 shots - (0.871), W, 19-15-3, 60:00 minutes

Players Stats for Mulligans

Player Name              G  A  P  +/- PIM S  H  SB GA TA FO     MP     PP MP  PK MP  
------------------------------------------------------------------------------------
Anton Lander             0  3  3  -1  0   1  1  0  2  1  24/42  25:27   4:45   5:33 
Ben Hutton               1  0  1  -4  0   4  2  3  2  2  0/0    29:24   4:56   5:51 
Brandon Carlo            0  0  0  -4  0   0  2  2  0  0  0/0    28:41   4:56   5:54 
Brett Seney              0  0  0   0  0   1  0  0  0  0  0/0     5:25   0:00   0:18 
Christian Wolanin        0  0  0  -1  0   0  0  1  0  0  0/0    11:43   0:00   0:52 
Conor Garland            0  0  0   0  0   0  0  0  0  0  0/0     5:34   0:09   0:00 
Darren Dietz             0  0  0   1  0   3  1  1  0  0  0/0    20:31   4:04   3:38 
Ilya Lyubushkin          0  0  0   1  2   0  0  1  0  0  0/0    20:21   4:04   2:42 
Jonny Brodzinski         0  0  0   0  0   2  0  1  0  0  2/3     5:59   0:00   0:03 
Joonas Donskoi           0  1  1  -2  0   2  2  0  0  0  0/0    15:09   4:03   0:00 
Logan Shaw               1  1  2   0  0   5  2  1  0  1  1/2    24:28   4:23   5:18 
Maxime Macenauer         0  0  0  -2  0   4  0  1  0  0  10/16  18:48   4:03   2:55 
Reid Boucher             0  0  0  -1  4   0  1  1  0  0  1/2     9:54   0:00   0:58 
Robbie Russo             0  0  0  -1  0   1  0  0  0  1  0/0    10:05   0:00   0:00 
Robby Fabbri             0  0  0  -1  2   3  0  0  0  0  2/7    10:06   0:40   0:00 
Sam Bennett              0  1  1  -2  4   0  3  0  1  0  0/0    15:08   3:55   0:01 
Sven Baertschi           2  1  3  -1  0   3  0  0  2  1  0/1    22:07   4:30   3:09 
Valeri Nichushkin        0  0  0  -2  0   2  2  0  0  0  0/0    10:53   0:32   0:00 

Players Stats for Senators

Player Name              G  A  P  +/- PIM S  H  SB GA TA FO     MP     PP MP  PK MP  
------------------------------------------------------------------------------------
A.J. Jenks               1  0  1   1  2   4  2  0  0  0  0/0     6:46   0:00   0:00 
Adam Ollas-Mattsson      0  0  0   0  0   0  0  0  0  0  0/0     0:00   0:00   0:00 
Anthony Richard          0  1  1   1  0   1  0  0  1  1  2/2     6:47   0:00   0:00 
Brett Bulmer             0  0  0   1  2   0  0  0  0  0  0/0     6:52   0:00   0:00 
Chandler Stephenson      1  0  1   1  0   3  1  0  0  0  2/5     9:59   0:00   0:00 
Dylan Blujus             0  1  1   1  0   0  2  2  1  2  0/0    29:02   5:32   5:37 
Eric Mestery             0  1  1   2  0   0  0  0  0  0  0/0    20:08   3:57   3:23 
Grant Besse              0  0  0   1  0   4  0  0  0  0  0/0     9:59   0:00   0:00 
Jack Dougherty           0  0  0   0  0   0  0  1  0  0  0/0     8:23   0:00   0:44 
Jake Evans               0  0  0   0  0   0  0  0  0  0  0/0     0:17   0:00   0:00 
Joel Eriksson Ek         0  0  0   0  0   0  0  0  0  0  0/1     3:11   0:00   2:48 
Jonathan Ferland         1  1  2   2  2   10 1  0  1  1  5/10   23:41   5:24   4:13 
Joonas Lyytinen          0  0  0   1  0   0  0  0  0  0  0/0     3:11   0:00   0:00 
Jordan Schroeder         0  2  2   2  0   2  1  0  0  0  20/43  20:27   5:24   1:00 
Keegan Lowe              0  0  0   1  2   1  1  1  0  2  0/0    27:43   5:32   4:18 
Kevin Rooney             0  1  1   0  0   0  1  0  0  0  3/6    14:41   4:05   0:19 
Kyle Connor              0  0  0   0  0   0  0  0  0  0  0/0     0:39   0:00   0:22 
Mason Geertsen           0  0  0   1  0   0  0  0  0  0  0/0     3:11   0:00   0:00 
Nick Foligno             2  1  3   2  2   4  2  0  1  1  1/4    24:03   5:24   4:40 
Philippe Myers           0  0  0   0  0   0  0  1  0  0  0/0     8:14   0:00   0:35 
Scott Harrington         0  1  1   2  0   0  0  0  0  0  0/0    20:08   3:57   3:23 
Tomas Jurco              0  0  0   0  4   1  2  0  0  0  0/0    15:31   4:05   1:10 
Warren Foegele           0  0  0   0  0   0  0  0  0  0  0/0     0:00   0:00   0:00 
Zachary Sanford          0  1  1   1  0   4  1  1  2  0  0/1     9:59   0:00   0:00 
Zemgus Girgensons        1  0  1   0  0   1  2  0  0  0  0/1    18:01   4:05   3:28 

3 Stars

1 - Nick Foligno (BIN)
2 - Sven Baertschi (Rep)
3 - Jonathan Ferland (BIN)

Power Play

Mulligans - 3 on 7 Attempt(s) - 42.86%
Senators - 1 on 6 Attempt(s) - 16.67%

Penalty Kill

Mulligans - 5 on 6 Attempt(s) - 83.33% - Score 0 goal in Penalty Kill
Senators - 4 on 7 Attempt(s) - 57.14% - Score 0 goal in Penalty Kill

Team Stat

Mulligans - Hits : 16 - Faceoff Wins : 40 - Blocked Shots : 12 - Penalty Minutes : 12
Senators - Hits : 16 - Faceoff Wins : 33 - Blocked Shots : 6 - Penalty Minutes : 14

Official

Referees : Unknown
Linesman : Unknown

Game Notes

11:49 of 1st period - Mulligans goal is going for a video replay. After video review, Goal.
A.J. Jenks has scored in a empty net!

Finance

Level 1 -- Attendance: 1854 (92.70%) -- Ticket Income $61,182
Level 2 -- Attendance: 932 (93.20%) -- Ticket Income $13,980
Total Attendance: 2786 (92.87%)
Total Ticket Income: $75,162
Other Income: $3,758
Total Income: $78,920

Mulligans

5 vs 5 Forward 
   Center                   Left Wing                Right Wing               Time % Phy DF OF 
 1 Anton Lander             Sven Baertschi           Logan Shaw               40     1   2  2  
 2 Maxime Macenauer         Sam Bennett              Joonas Donskoi           30     1   2  2  
 3 Robby Fabbri             Reid Boucher             Valeri Nichushkin        20     1   2  2  
 4 Jonny Brodzinski         Brett Seney              Conor Garland            10     1   2  2  

5 vs 5 Defense 
   Defense                  Defense                                           Time % Phy DF OF 
 1 Ben Hutton               Brandon Carlo                                     40     1   2  2  
 2 Darren Dietz             Ilya Lyubushkin                                   30     1   2  2  
 3 Robbie Russo             Christian Wolanin                                 20     1   2  2  
 4 Ben Hutton               Brandon Carlo                                     10     1   2  2  

PowerPlay Forward 
   Center                   Left Wing                Right Wing               Time % Phy DF OF 
 1 Anton Lander             Sven Baertschi           Logan Shaw               60     1   2  2  
 2 Maxime Macenauer         Sam Bennett              Joonas Donskoi           40     1   2  2  

PowerPlay Defense
   Defense                  Defense                                           Time % Phy DF OF 
 1 Ben Hutton               Brandon Carlo                                     60     1   2  2  
 2 Darren Dietz             Ilya Lyubushkin                                   40     1   2  2  

Penalty Kill 4 Players Forward 
   Center                   Wing                     Time % Phy DF OF 
 1 Anton Lander             Logan Shaw               60     1   2  2  
 2 Maxime Macenauer         Sven Baertschi           40     1   2  2  

Penalty Kill 4 Players Defense
   Defense                  Defense                  Time % Phy DF OF 
 1 Ben Hutton               Brandon Carlo            60     1   2  2  
 2 Darren Dietz             Ilya Lyubushkin          40     1   2  2  

Penalty Kill - 3 Players Forward 
   Forward                                           Time % Phy DF OF 
 1 Anton Lander                                      60     1   2  2  
 2 Logan Shaw                                        40     1   2  2  

Penalty Kill - 3 Players Defense
   Defense                  Defense                  Time % Phy DF OF 
 1 Ben Hutton               Brandon Carlo            60     1   2  2  
 2 Darren Dietz             Ilya Lyubushkin          40     1   2  2  

4 vs 4 Forward 
   Center                   Wing                     Time % Phy DF OF 
 1 Anton Lander             Logan Shaw               60     1   2  2  
 2 Maxime Macenauer         Sven Baertschi           40     1   2  2  

4 vs 4 Defense
   Defense                  Defense                  Time % Phy DF OF 
 1 Ben Hutton               Brandon Carlo            60     1   2  2  
 2 Darren Dietz             Ilya Lyubushkin          40     1   2  2  

Last Minutes Offensive
   Center                   Left Wing                Right Wing               Defense                  Defense                  
   Anton Lander             Sven Baertschi           Logan Shaw               Ben Hutton               Brandon Carlo            

Last Minutes Defensive
   Center                   Left Wing                Right Wing               Defense                  Defense                  
   Anton Lander             Sven Baertschi           Logan Shaw               Ben Hutton               Brandon Carlo            

Goaltenders
Starting : Calvin Pickard           
Backup : Juuse Saros              

Extra Forwards
Normal : Robby Fabbri, Valeri Nichushkin, Reid Boucher - PP : Robby Fabbri, Valeri Nichushkin - PK : Reid Boucher
Extra Defensemen
Normal : Robbie Russo, Christian Wolanin, Darren Dietz - PP : Robbie Russo - PK : Christian Wolanin, Darren Dietz
Penalty Shots
Anton Lander, Logan Shaw, Maxime Macenauer, Sven Baertschi, Joonas Donskoi

Scratches
Dalton Thrower (Back Injury), Cristiano Digiacinto (Healthy)

Senators

5 vs 5 Forward 
   Center                   Left Wing                Right Wing               Time % Phy DF OF 
 1 Jordan Schroeder         Nick Foligno             Jonathan Ferland         40     1   2  2  
 2 Kevin Rooney             Zemgus Girgensons        Tomas Jurco              30     1   2  2  
 3 Chandler Stephenson      Zachary Sanford          Grant Besse              20     1   2  2  
 4 Anthony Richard          A.J. Jenks               Brett Bulmer             10     1   2  2  

5 vs 5 Defense 
   Defense                  Defense                                           Time % Phy DF OF 
 1 Keegan Lowe              Dylan Blujus                                      40     1   2  2  
 2 Scott Harrington         Eric Mestery                                      30     1   2  2  
 3 Jack Dougherty           Philippe Myers                                    20     1   2  2  
 4 Joonas Lyytinen          Mason Geertsen                                    10     1   2  2  

PowerPlay Forward 
   Center                   Left Wing                Right Wing               Time % Phy DF OF 
 1 Jordan Schroeder         Nick Foligno             Jonathan Ferland         60     1   2  2  
 2 Kevin Rooney             Zemgus Girgensons        Tomas Jurco              40     1   2  2  

PowerPlay Defense
   Defense                  Defense                                           Time % Phy DF OF 
 1 Keegan Lowe              Dylan Blujus                                      60     1   2  2  
 2 Scott Harrington         Eric Mestery                                      40     1   2  2  

Penalty Kill 4 Players Forward 
   Center                   Wing                     Time % Phy DF OF 
 1 Jonathan Ferland         Nick Foligno             60     1   2  2  
 2 Tomas Jurco              Zemgus Girgensons        40     1   2  2  

Penalty Kill 4 Players Defense
   Defense                  Defense                  Time % Phy DF OF 
 1 Keegan Lowe              Dylan Blujus             60     1   2  2  
 2 Scott Harrington         Eric Mestery             40     1   2  2  

Penalty Kill - 3 Players Forward 
   Forward                                           Time % Phy DF OF 
 1 Jonathan Ferland                                  60     1   2  2  
 2 Nick Foligno                                      40     1   2  2  

Penalty Kill - 3 Players Defense
   Defense                  Defense                  Time % Phy DF OF 
 1 Keegan Lowe              Dylan Blujus             60     1   2  2  
 2 Scott Harrington         Eric Mestery             40     1   2  2  

4 vs 4 Forward 
   Center                   Wing                     Time % Phy DF OF 
 1 Jonathan Ferland         Nick Foligno             60     1   2  2  
 2 Tomas Jurco              Zemgus Girgensons        40     1   2  2  

4 vs 4 Defense
   Defense                  Defense                  Time % Phy DF OF 
 1 Keegan Lowe              Dylan Blujus             60     1   2  2  
 2 Scott Harrington         Eric Mestery             40     1   2  2  

Last Minutes Offensive
   Center                   Left Wing                Right Wing               Defense                  Defense                  
   Jordan Schroeder         Nick Foligno             Jonathan Ferland         Keegan Lowe              Dylan Blujus             

Last Minutes Defensive
   Center                   Left Wing                Right Wing               Defense                  Defense                  
   Jordan Schroeder         Nick Foligno             Jonathan Ferland         Keegan Lowe              Dylan Blujus             

Goaltenders
Starting : Justin Peters            
Backup : Sami Aittokallio         

Extra Forwards
Normal : Kyle Connor, Jake Evans, Joel Eriksson Ek - PP : Kyle Connor, Jake Evans - PK : Joel Eriksson Ek
Extra Defensemen
Normal : Adam Ollas-Mattsson, Jack Dougherty, Philippe Myers - PP : Adam Ollas-Mattsson - PK : Jack Dougherty, Philippe Myers
Penalty Shots
Jonathan Ferland, Nick Foligno, Tomas Jurco, Zemgus Girgensons, Zachary Sanford

Scratches
Zach Nastasiuk (Healthy), Jonas Siegenthaler (Healthy), Nathan Gerbe (Torn Right MCL Injury), Blake Coleman (Healthy), Branden Troock (Healthy)
Gustav Forsling (Healthy), Maxim Letunov (Healthy), Pontus Sjalin (Healthy), Keven Bouchard (Healthy)

% Time on Ice - Mulligans

Lines # - Real PCT - Wanted PCT - Time Play
Normal Forward
1 - 41% - 40% - 16:50
2 - 28% - 30% - 11:32
3 - 19% - 20% - 8:02
4 - 12% - 10% - 5:07
Normal Defense
1 - 40% - 40% - 16:30
2 - 33% - 30% - 13:35
3 - 24% - 20% - 10:05
4 - 3% - 10% - 1:21
PP Forward
1 - 55% - 60% - 4:57
2 - 45% - 40% - 4:03
PP Defense
1 - 55% - 60% - 4:56
2 - 45% - 40% - 4:04
PK Forward
1 - 75% - 60% - 6:33
2 - 25% - 40% - 2:13
PK Defense
1 - 57% - 60% - 5:00
2 - 43% - 40% - 3:46
PK3 Forward
1 - 100% - 60% - 0:43
2 - 0% - 40% - 0:00
PK3 Defense
1 - 100% - 60% - 0:43
2 - 0% - 40% - 0:00
44 Forward
1 - 0% - 60%
2 - 0% - 40%
44 Defense
1 - 0% - 60%
2 - 0% - 40%
Last Minute Offensive  - 0:00
Last Minute Defensive  - 0:00
Total
Forward - 60:00
Defense - 60:00

% Time on Ice - Senators

Lines # - Real PCT - Wanted PCT - Time Play
Normal Forward
1 - 34% - 40% - 14:11
2 - 25% - 30% - 10:34
3 - 24% - 20% - 9:59
4 - 16% - 10% - 6:47
Normal Defense
1 - 43% - 40% - 17:53
2 - 31% - 30% - 12:48
3 - 18% - 20% - 7:39
4 - 8% - 10% - 3:11
PP Forward
1 - 57% - 60% - 5:24
2 - 43% - 40% - 4:05
PP Defense
1 - 58% - 60% - 5:32
2 - 42% - 40% - 3:57
PK Forward
1 - 79% - 60% - 7:05
2 - 21% - 40% - 1:55
PK Defense
1 - 62% - 60% - 5:37
2 - 38% - 40% - 3:23
PK3 Forward
1 - 0% - 60%
2 - 0% - 40%
PK3 Defense
1 - 0% - 60%
2 - 0% - 40%
44 Forward
1 - 0% - 60%
2 - 0% - 40%
44 Defense
1 - 0% - 60%
2 - 0% - 40%
Last Minute Offensive  - 0:00
Last Minute Defensive  - 0:00
Total
Forward - 60:00
Defense - 60:00

Play-by-Play

1st period


0:01 of 1st period - Anton Lander wins face-off versus Jordan Schroeder in neutral zone.
0:08 of 1st period - Snap shot by Nick Foligno.
0:08 of 1st period - Shot Misses the Net.
0:16 of 1st period - Wrist shot by Jordan Schroeder.
0:16 of 1st period - Shot Misses the Net.
0:35 of 1st period - Snap shot by Zemgus Girgensons.
0:35 of 1st period - Shot Misses the Net.
1:00 of 1st period - Zachary Sanford is hit by Reid Boucher and loses puck.
1:21 of 1st period - Snap shot by Jonny Brodzinski.
1:21 of 1st period - Shot Misses the Net.
1:59 of 1st period - Snap shot by Joonas Donskoi.
1:59 of 1st period - Stopped by Justin Peters with a rebound.
2:01 of 1st period - Minor Penalty to Tomas Jurco for Tripping.
2:02 of 1st period - Anton Lander wins face-off versus Jonathan Ferland in Senators zone.
2:03 of 1st period - Snap shot by Logan Shaw.
2:03 of 1st period - Shot Hit the Post.
2:05 of 1st period - Wrist shot by Sven Baertschi.
2:05 of 1st period - Shot Blocked by Dylan Blujus.
2:07 of 1st period - Slapshot by Darren Dietz.
2:07 of 1st period - Deflect By Jonathan Ferland.
2:07 of 1st period - Stopped by Justin Peters with a rebound.
2:27 of 1st period - Nick Foligno is hit by Sam Bennett and loses puck.
3:23 of 1st period - Icing by Joonas Donskoi.
3:24 of 1st period - Maxime Macenauer wins face-off versus Jonathan Ferland in Mulligans zone.
4:01 of 1st period - Penalty to Tomas Jurco is over, Tomas Jurco is back on ice.
4:33 of 1st period - Snap shot by Jonny Brodzinski.
4:33 of 1st period - Stopped by Justin Peters with a rebound.
4:35 of 1st period - Minor Penalty to Tomas Jurco for Hooking.
4:36 of 1st period - Anton Lander wins face-off versus Nick Foligno in Senators zone.
4:41 of 1st period - Wrist shot by Logan Shaw.
4:41 of 1st period - Goal by Logan Shaw - Mulligans : 1 - Senators : 0.
4:42 of 1st period - Anton Lander wins face-off versus Jordan Schroeder in neutral zone.
5:16 of 1st period - Off-side.
5:17 of 1st period - Jordan Schroeder wins face-off versus Anton Lander in neutral zone.
5:22 of 1st period - Darren Dietz is hit by Nick Foligno and loses puck.
5:40 of 1st period - Minor Penalty to Nick Foligno for Hooking.
5:41 of 1st period - Jonathan Ferland wins face-off versus Anton Lander in Senators zone.
5:57 of 1st period - Wrist shot by Anton Lander.
5:57 of 1st period - Stopped by Justin Peters without a rebound.
5:58 of 1st period - Jonathan Ferland wins face-off versus Maxime Macenauer in Senators zone.
5:58 of 1st period - Jonathan Ferland is hit by Sam Bennett.
6:10 of 1st period - Slapshot by Ben Hutton.
6:10 of 1st period - Goal by Ben Hutton - Mulligans : 2 - Senators : 0.
6:11 of 1st period - Maxime Macenauer wins face-off versus Jonathan Ferland in neutral zone.
6:54 of 1st period - Icing by Tomas Jurco.
6:55 of 1st period - Chandler Stephenson wins face-off versus Reid Boucher in Senators zone.
7:01 of 1st period - Off-side.
7:02 of 1st period - Maxime Macenauer wins face-off versus Zachary Sanford in neutral zone.
7:10 of 1st period - Minor Penalty to Sam Bennett for Tripping.
7:11 of 1st period - Anton Lander wins face-off versus Jordan Schroeder in Mulligans zone.
7:20 of 1st period - Wrist shot by Jonathan Ferland.
7:20 of 1st period - Stopped by Calvin Pickard without a rebound.
7:21 of 1st period - Anton Lander wins face-off versus Jordan Schroeder in Mulligans zone.
8:34 of 1st period - Wrist shot by Ben Hutton.
8:34 of 1st period - Stopped by Justin Peters without a rebound.
8:35 of 1st period - Reid Boucher wins face-off versus Kevin Rooney in Senators zone.
8:52 of 1st period - Brandon Carlo is hit by Zemgus Girgensons and loses puck.
9:10 of 1st period - Penalty to Sam Bennett is over, Sam Bennett is back on ice.
9:48 of 1st period - Slapshot by Joonas Donskoi.
9:48 of 1st period - Deflect By Maxime Macenauer.
9:48 of 1st period - Stopped by Justin Peters with a rebound.
11:18 of 1st period - Snap shot by Joonas Donskoi.
11:18 of 1st period - Shot Blocked by Philippe Myers.
11:34 of 1st period - Slapshot by Brett Seney.
11:34 of 1st period - Stopped by Justin Peters without a rebound.
11:35 of 1st period - Kevin Rooney wins face-off versus Anton Lander in Senators zone.
11:47 of 1st period - Snap shot by Anton Lander.
11:47 of 1st period - Shot Misses the Net.
11:49 of 1st period - Wrist shot by Sven Baertschi.
11:49 of 1st period - Mulligans goal is going for a video replay.
11:49 of 1st period - The goal is good.
11:49 of 1st period - Goal by Sven Baertschi - Mulligans : 3 - Senators : 0.
11:50 of 1st period - Jordan Schroeder wins face-off versus Logan Shaw in neutral zone.
12:43 of 1st period - Snap shot by Chandler Stephenson.
12:43 of 1st period - Goal by Chandler Stephenson - Mulligans : 3 - Senators : 1.
12:44 of 1st period - Jordan Schroeder wins face-off versus Anton Lander in neutral zone.
12:55 of 1st period - Slapshot by Jordan Schroeder.
12:55 of 1st period - Stopped by Calvin Pickard with a rebound.
12:57 of 1st period - Snap shot by Jonathan Ferland.
12:57 of 1st period - Stopped by Calvin Pickard without a rebound.
12:58 of 1st period - Anton Lander wins face-off versus Jordan Schroeder in Mulligans zone.
13:05 of 1st period - Anton Lander is hit by Jonathan Ferland and loses puck.
13:49 of 1st period - Brandon Carlo is hit by A.J. Jenks and loses puck.
13:53 of 1st period - Icing by Ben Hutton.
13:54 of 1st period - Jordan Schroeder wins face-off versus Robby Fabbri in Mulligans zone.
13:55 of 1st period - Wrist shot by Jonathan Ferland.
13:55 of 1st period - Stopped by Calvin Pickard without a rebound.
13:56 of 1st period - Jordan Schroeder wins face-off versus Anton Lander in Mulligans zone.
14:11 of 1st period - Snap shot by Jonathan Ferland.
14:11 of 1st period - Stopped by Calvin Pickard with a rebound.
14:23 of 1st period - Slapshot by Tomas Jurco.
14:23 of 1st period - Stopped by Calvin Pickard with a rebound.
14:28 of 1st period - Off-side.
14:29 of 1st period - Maxime Macenauer wins face-off versus Jordan Schroeder in neutral zone.
15:25 of 1st period - Snap shot by Reid Boucher.
15:25 of 1st period - Shot Misses the Net.
15:31 of 1st period - Ben Hutton is hit by Chandler Stephenson and loses puck.
15:53 of 1st period - Icing by Jordan Schroeder.
15:54 of 1st period - Anton Lander wins face-off versus Jordan Schroeder in Senators zone.
15:55 of 1st period - Wrist shot by Logan Shaw.
15:55 of 1st period - Stopped by Justin Peters without a rebound.
15:56 of 1st period - Anton Lander wins face-off versus Jordan Schroeder in Senators zone.
15:57 of 1st period - Snap shot by Sven Baertschi.
15:57 of 1st period - Stopped by Justin Peters without a rebound.
15:58 of 1st period - Jonathan Ferland wins face-off versus Anton Lander in Senators zone.
16:27 of 1st period - Snap shot by Robby Fabbri.
16:27 of 1st period - Stopped by Justin Peters with a rebound.
16:29 of 1st period - Slapshot by Ilya Lyubushkin.
16:29 of 1st period - Shot Misses the Net.
16:31 of 1st period - Slapshot by Darren Dietz.
16:31 of 1st period - Shot Blocked by Dylan Blujus.
16:53 of 1st period - Wrist shot by Maxime Macenauer.
16:53 of 1st period - Stopped by Justin Peters with a rebound.
16:55 of 1st period - Slapshot by Darren Dietz.
16:55 of 1st period - Stopped by Justin Peters without a rebound.
16:56 of 1st period - Anton Lander wins face-off versus Jordan Schroeder in Senators zone.
17:08 of 1st period - Wrist shot by Logan Shaw.
17:08 of 1st period - Shot Misses the Net.
17:22 of 1st period - Sam Bennett is hit by Tomas Jurco and loses puck.
17:27 of 1st period - Slapshot by Zemgus Girgensons.
17:27 of 1st period - Shot Misses the Net.
17:29 of 1st period - Snap shot by Zemgus Girgensons.
17:29 of 1st period - Shot Blocked by Maxime Macenauer.
17:31 of 1st period - Snap shot by Kevin Rooney.
17:31 of 1st period - Shot Misses the Net.
17:33 of 1st period - Snap shot by Zemgus Girgensons.
17:33 of 1st period - Goal by Zemgus Girgensons - Mulligans : 3 - Senators : 2.
17:34 of 1st period - Jordan Schroeder wins face-off versus Anton Lander in neutral zone.
18:00 of 1st period - Dylan Blujus is hit by Sam Bennett.
18:10 of 1st period - Slapshot by Zemgus Girgensons.
18:10 of 1st period - Deflect By Ben Hutton.
18:10 of 1st period - Shot Hit the Post.
18:10 of 1st period - Puck is out of play.
18:11 of 1st period - Anton Lander wins face-off versus Chandler Stephenson in Mulligans zone.
18:26 of 1st period - Snap shot by Zachary Sanford.
18:26 of 1st period - Stopped by Calvin Pickard without a rebound.
18:27 of 1st period - Maxime Macenauer wins face-off versus Jordan Schroeder in Mulligans zone.
19:18 of 1st period - Snap shot by Valeri Nichushkin.
19:18 of 1st period - Stopped by Justin Peters with a rebound.
19:36 of 1st period - Slapshot by Dylan Blujus.
19:36 of 1st period - Shot Misses the Net.
19:46 of 1st period - Snap shot by Jonny Brodzinski.
19:46 of 1st period - Stopped by Justin Peters without a rebound.
19:47 of 1st period - Jordan Schroeder wins face-off versus Anton Lander in Senators zone.
19:47 of 1st period - Jordan Schroeder is hit by Logan Shaw.
19:55 of 1st period - Slapshot by Jonathan Ferland.
19:55 of 1st period - Stopped by Calvin Pickard with a rebound.
19:57 of 1st period - Snap shot by Jonathan Ferland.
19:57 of 1st period - Stopped by Calvin Pickard without a rebound.
19:58 of 1st period - Anton Lander wins face-off versus Jordan Schroeder in Mulligans zone.
Goals for this period are 3 for Mulligans vs 2 for Senators.
Shots for this period are 17 for Mulligans vs 11 for Senators.

2nd period


0:01 of 2nd period - Jordan Schroeder wins face-off versus Anton Lander in neutral zone.
0:04 of 2nd period - Snap shot by Jonathan Ferland.
0:04 of 2nd period - Shot Misses the Net.
0:12 of 2nd period - Eric Mestery is hit by Ben Hutton.
0:27 of 2nd period - Minor Penalty to Sam Bennett for Holding.
0:28 of 2nd period - Jordan Schroeder wins face-off versus Anton Lander in Mulligans zone.
0:55 of 2nd period - Logan Shaw is hit by Zemgus Girgensons and loses puck.
1:43 of 2nd period - Minor Penalty to Ilya Lyubushkin for Interference.
1:44 of 2nd period - Anton Lander wins face-off versus Jordan Schroeder in Mulligans zone.
1:47 of 2nd period - Snap shot by Jonathan Ferland.
1:47 of 2nd period - Shot Misses the Net.
1:49 of 2nd period - Wrist shot by Nick Foligno.
1:49 of 2nd period - Shot Misses the Net.
1:51 of 2nd period - Wrist shot by Jonathan Ferland.
1:51 of 2nd period - Shot Blocked by Brandon Carlo.
1:53 of 2nd period - Snap shot by Jonathan Ferland.
1:53 of 2nd period - Stopped by Calvin Pickard with a rebound.
2:27 of 2nd period - Penalty to Sam Bennett is over, Sam Bennett is back on ice.
3:43 of 2nd period - Penalty to Ilya Lyubushkin is over, Ilya Lyubushkin is back on ice.
3:50 of 2nd period - Slapshot by Ben Hutton.
3:50 of 2nd period - Shot Blocked by Zachary Sanford.
4:08 of 2nd period - Slapshot by Logan Shaw.
4:08 of 2nd period - Stopped by Justin Peters with a rebound.
4:18 of 2nd period - Wrist shot by Chandler Stephenson.
4:18 of 2nd period - Shot Blocked by Ilya Lyubushkin.
4:20 of 2nd period - Slapshot by Philippe Myers.
4:20 of 2nd period - Deflect By Zachary Sanford.
4:20 of 2nd period - Stopped by Calvin Pickard with a rebound.
4:22 of 2nd period - Wrist shot by Grant Besse.
4:22 of 2nd period - Shot Blocked by Logan Shaw.
4:24 of 2nd period - Snap shot by Grant Besse.
4:24 of 2nd period - Stopped by Calvin Pickard with a rebound.
4:26 of 2nd period - Wrist shot by Grant Besse.
4:26 of 2nd period - Shot Blocked by Ben Hutton.
4:28 of 2nd period - Backhand shot by Chandler Stephenson.
4:28 of 2nd period - Deflect By Grant Besse.
4:28 of 2nd period - Stopped by Calvin Pickard without a rebound.
4:29 of 2nd period - Anthony Richard wins face-off versus Robby Fabbri in Mulligans zone.
4:32 of 2nd period - Snap shot by A.J. Jenks.
4:32 of 2nd period - Stopped by Calvin Pickard without a rebound.
4:33 of 2nd period - Anthony Richard wins face-off versus Robby Fabbri in Mulligans zone.
5:01 of 2nd period - Wrist shot by Jordan Schroeder.
5:01 of 2nd period - Deflect By Jonathan Ferland.
5:01 of 2nd period - Stopped by Calvin Pickard without a rebound.
5:02 of 2nd period - Jonny Brodzinski wins face-off versus Jordan Schroeder in Mulligans zone.
5:02 of 2nd period - Jonny Brodzinski is hit by Jordan Schroeder.
5:08 of 2nd period - Wrist shot by Nick Foligno.
5:08 of 2nd period - Stopped by Calvin Pickard with a rebound.
5:30 of 2nd period - Minor Penalty to Jonathan Ferland for Hooking.
5:31 of 2nd period - Anton Lander wins face-off versus Joel Eriksson Ek in Senators zone.
6:08 of 2nd period - Slapshot by Maxime Macenauer.
6:08 of 2nd period - Stopped by Justin Peters with a rebound.
7:30 of 2nd period - Penalty to Jonathan Ferland is over, Jonathan Ferland is back on ice.
7:42 of 2nd period - Snap shot by Chandler Stephenson.
7:42 of 2nd period - Shot Blocked by Christian Wolanin.
7:44 of 2nd period - Slapshot by Grant Besse.
7:44 of 2nd period - Stopped by Calvin Pickard with a rebound.
7:50 of 2nd period - Wrist shot by Chandler Stephenson.
7:50 of 2nd period - Stopped by Calvin Pickard with a rebound.
8:11 of 2nd period - Minor Penalty to A.J. Jenks for Elbowing.
8:12 of 2nd period - Maxime Macenauer wins face-off versus Jonathan Ferland in Senators zone.
8:27 of 2nd period - Off-side.
8:28 of 2nd period - Logan Shaw wins face-off versus Jonathan Ferland in neutral zone.
8:39 of 2nd period - Snap shot by Anton Lander.
8:39 of 2nd period - Deflect By Sven Baertschi.
8:39 of 2nd period - Goal by Sven Baertschi - Mulligans : 4 - Senators : 2.
8:40 of 2nd period - Anton Lander wins face-off versus Nick Foligno in neutral zone.
9:29 of 2nd period - Slapshot by Ben Hutton.
9:29 of 2nd period - Stopped by Justin Peters with a rebound.
9:35 of 2nd period - Slapshot by Chandler Stephenson.
9:35 of 2nd period - Stopped by Calvin Pickard with a rebound.
9:37 of 2nd period - Slapshot by Scott Harrington.
9:37 of 2nd period - Shot Misses the Net.
10:28 of 2nd period - Off-side.
10:29 of 2nd period - Maxime Macenauer wins face-off versus Zemgus Girgensons in neutral zone.
10:56 of 2nd period - Snap shot by Brett Seney.
10:56 of 2nd period - Deflect By Jonny Brodzinski.
10:56 of 2nd period - Shot Misses the Net.
10:56 of 2nd period - Puck is out of play.
10:57 of 2nd period - Jonny Brodzinski wins face-off versus Jordan Schroeder in Senators zone.
11:05 of 2nd period - Off-side.
11:06 of 2nd period - Jordan Schroeder wins face-off versus Anton Lander in neutral zone.
11:09 of 2nd period - Backhand shot by Jonathan Ferland.
11:09 of 2nd period - Deflect By Jordan Schroeder.
11:09 of 2nd period - Stopped by Calvin Pickard without a rebound.
11:10 of 2nd period - Anton Lander wins face-off versus Jordan Schroeder in Mulligans zone.
11:30 of 2nd period - Jordan Schroeder is hit by Darren Dietz and loses puck.
11:35 of 2nd period - Snap shot by Anton Lander.
11:35 of 2nd period - Shot Misses the Net.
11:41 of 2nd period - Slapshot by Eric Mestery.
11:41 of 2nd period - Shot Misses the Net.
11:43 of 2nd period - Wrist shot by Nick Foligno.
11:43 of 2nd period - Shot Blocked by Ben Hutton.
11:45 of 2nd period - Slapshot by Scott Harrington.
11:45 of 2nd period - Shot Misses the Net.
11:47 of 2nd period - Slapshot by Scott Harrington.
11:47 of 2nd period - Shot Misses the Net.
11:49 of 2nd period - Snap shot by Nick Foligno.
11:49 of 2nd period - Goal by Nick Foligno - Mulligans : 4 - Senators : 3.
11:50 of 2nd period - Kevin Rooney wins face-off versus Maxime Macenauer in neutral zone.
12:05 of 2nd period - Wrist shot by Maxime Macenauer.
12:05 of 2nd period - Shot Hit the Post.
12:17 of 2nd period - Anton Lander is hit by Dylan Blujus.
13:30 of 2nd period - Slapshot by Brett Bulmer.
13:30 of 2nd period - Shot Misses the Net.
13:32 of 2nd period - Backhand shot by Anthony Richard.
13:32 of 2nd period - Stopped by Calvin Pickard without a rebound.
13:33 of 2nd period - Jordan Schroeder wins face-off versus Maxime Macenauer in Mulligans zone.
13:49 of 2nd period - Snap shot by Joonas Donskoi.
13:49 of 2nd period - Shot Misses the Net.
14:24 of 2nd period - Snap shot by Zachary Sanford.
14:24 of 2nd period - Stopped by Calvin Pickard without a rebound.
14:25 of 2nd period - Maxime Macenauer wins face-off versus Jordan Schroeder in Mulligans zone.
14:30 of 2nd period - Snap shot by Maxime Macenauer.
14:30 of 2nd period - Shot Misses the Net.
15:44 of 2nd period - Slapshot by Christian Wolanin.
15:44 of 2nd period - Shot Blocked by Jack Dougherty.
15:46 of 2nd period - Slapshot by Robbie Russo.
15:46 of 2nd period - Shot Misses the Net.
15:48 of 2nd period - Snap shot by Maxime Macenauer.
15:48 of 2nd period - Stopped by Justin Peters without a rebound.
15:49 of 2nd period - Anton Lander wins face-off versus Jordan Schroeder in Senators zone.
15:50 of 2nd period - Slapshot by Logan Shaw.
15:50 of 2nd period - Stopped by Justin Peters without a rebound.
15:51 of 2nd period - Jordan Schroeder wins face-off versus Sven Baertschi in Senators zone.
15:51 of 2nd period - Jordan Schroeder is hit by Ben Hutton.
15:54 of 2nd period - Minor Penalty to Keegan Lowe for High sticking.
15:55 of 2nd period - Nick Foligno wins face-off versus Anton Lander in Senators zone.
17:54 of 2nd period - Penalty to Keegan Lowe is over, Keegan Lowe is back on ice.
18:03 of 2nd period - Snap shot by Grant Besse.
18:03 of 2nd period - Stopped by Calvin Pickard without a rebound.
18:04 of 2nd period - Chandler Stephenson wins face-off versus Jonny Brodzinski in Mulligans zone.
18:13 of 2nd period - Wrist shot by Zachary Sanford.
18:13 of 2nd period - Stopped by Calvin Pickard with a rebound.
18:34 of 2nd period - Minor Penalty to Robby Fabbri for High sticking.
18:35 of 2nd period - Jonathan Ferland wins face-off versus Anton Lander in Mulligans zone.
19:22 of 2nd period - Icing by Jonathan Ferland.
19:23 of 2nd period - Anton Lander wins face-off versus Jordan Schroeder in Senators zone.
19:58 of 2nd period - Snap shot by Jonathan Ferland.
19:58 of 2nd period - Shot Blocked by Brandon Carlo.
Goals for this period are 1 for Mulligans vs 1 for Senators.
Shots for this period are 6 for Mulligans vs 16 for Senators.

3rd period


0:01 of 3rd period - Anton Lander wins face-off versus Jordan Schroeder in neutral zone.
0:34 of 3rd period - Penalty to Robby Fabbri is over, Robby Fabbri is back on ice.
1:43 of 3rd period - Wrist shot by Jonathan Ferland.
1:43 of 3rd period - Shot Blocked by Jonny Brodzinski.
2:04 of 3rd period - Darren Dietz is hit by Tomas Jurco.
2:15 of 3rd period - Icing by Valeri Nichushkin.
2:16 of 3rd period - Jordan Schroeder wins face-off versus Robby Fabbri in Mulligans zone.
2:19 of 3rd period - Wrist shot by Jonathan Ferland.
2:19 of 3rd period - Shot Blocked by Reid Boucher.
2:47 of 3rd period - Slapshot by Darren Dietz.
2:47 of 3rd period - Shot Misses the Net.
2:49 of 3rd period - Slapshot by Darren Dietz.
2:49 of 3rd period - Shot Misses the Net.
3:08 of 3rd period - Slapshot by Darren Dietz.
3:08 of 3rd period - Deflect By Zemgus Girgensons.
3:08 of 3rd period - Stopped by Justin Peters with a rebound.
3:10 of 3rd period - Snap shot by Valeri Nichushkin.
3:10 of 3rd period - Stopped by Justin Peters without a rebound.
3:11 of 3rd period - Jordan Schroeder wins face-off versus Maxime Macenauer in Senators zone.
3:18 of 3rd period - Slapshot by Nick Foligno.
3:18 of 3rd period - Goal by Nick Foligno - Mulligans : 4 - Senators : 4.
3:19 of 3rd period - Anton Lander wins face-off versus Jordan Schroeder in neutral zone.
3:31 of 3rd period - Off-side.
3:32 of 3rd period - Jordan Schroeder wins face-off versus Anton Lander in neutral zone.
3:37 of 3rd period - Sven Baertschi is hit by Dylan Blujus and loses puck.
3:44 of 3rd period - Snap shot by Ben Hutton.
3:44 of 3rd period - Stopped by Justin Peters without a rebound.
3:45 of 3rd period - Anton Lander wins face-off versus Jordan Schroeder in Senators zone.
4:14 of 3rd period - Off-side.
4:15 of 3rd period - Maxime Macenauer wins face-off versus Kevin Rooney in neutral zone.
4:47 of 3rd period - Wrist shot by Jonathan Ferland.
4:47 of 3rd period - Stopped by Calvin Pickard with a rebound.
5:12 of 3rd period - Slapshot by Logan Shaw.
5:12 of 3rd period - Stopped by Justin Peters without a rebound.
5:13 of 3rd period - Jordan Schroeder wins face-off versus Robby Fabbri in Senators zone.
5:54 of 3rd period - Icing by Anton Lander.
5:55 of 3rd period - Anton Lander wins face-off versus Chandler Stephenson in Mulligans zone.
6:24 of 3rd period - Wrist shot by Robby Fabbri.
6:24 of 3rd period - Stopped by Justin Peters without a rebound.
6:25 of 3rd period - Robby Fabbri wins face-off versus Jordan Schroeder in Senators zone.
6:28 of 3rd period - Wrist shot by Robby Fabbri.
6:28 of 3rd period - Stopped by Justin Peters without a rebound.
6:29 of 3rd period - Anton Lander wins face-off versus Nick Foligno in Senators zone.
6:32 of 3rd period - Snap shot by Anton Lander.
6:32 of 3rd period - Deflect By Logan Shaw.
6:32 of 3rd period - Shot Misses the Net.
6:32 of 3rd period - Puck is out of play.
6:33 of 3rd period - Jordan Schroeder wins face-off versus Anton Lander in Senators zone.
6:53 of 3rd period - Backhand shot by Keegan Lowe.
6:53 of 3rd period - Shot Misses the Net.
6:55 of 3rd period - Slapshot by Keegan Lowe.
6:55 of 3rd period - Stopped by Calvin Pickard without a rebound.
6:56 of 3rd period - Kevin Rooney wins face-off versus Maxime Macenauer in Mulligans zone.
6:59 of 3rd period - Slapshot by Kevin Rooney.
6:59 of 3rd period - Deflect By Joonas Donskoi.
6:59 of 3rd period - Shot Blocked by Darren Dietz.
6:59 of 3rd period - Puck is out of play.
7:00 of 3rd period - Maxime Macenauer wins face-off versus Kevin Rooney in Mulligans zone.
7:27 of 3rd period - Nick Foligno is hit by Anton Lander and loses puck.
7:48 of 3rd period - Wrist shot by Chandler Stephenson.
7:48 of 3rd period - Shot Blocked by Ben Hutton.
8:16 of 3rd period - Snap shot by A.J. Jenks.
8:16 of 3rd period - Deflect By Brett Seney.
8:16 of 3rd period - Stopped by Calvin Pickard without a rebound.
8:17 of 3rd period - Jordan Schroeder wins face-off versus Anton Lander in Mulligans zone.
9:49 of 3rd period - Snap shot by Nick Foligno.
9:49 of 3rd period - Stopped by Calvin Pickard without a rebound.
9:50 of 3rd period - Jordan Schroeder wins face-off versus Anton Lander in Mulligans zone.
10:15 of 3rd period - Logan Shaw is hit by Zachary Sanford and loses puck.
10:46 of 3rd period - Darren Dietz is hit by Keegan Lowe and loses puck.
10:59 of 3rd period - Minor Penalty to Brett Bulmer for Interference.
11:00 of 3rd period - Jonathan Ferland wins face-off versus Maxime Macenauer in Senators zone.
11:09 of 3rd period - Eric Mestery is hit by Joonas Donskoi and loses puck.
12:59 of 3rd period - Penalty to Brett Bulmer is over, Brett Bulmer is back on ice.
12:59 of 3rd period - Joel Eriksson Ek is hit by Brandon Carlo and loses puck.
13:35 of 3rd period - Snap shot by A.J. Jenks.
13:35 of 3rd period - Stopped by Calvin Pickard with a rebound.
13:46 of 3rd period - Double Minor Penalty to Reid Boucher for High sticking.
13:47 of 3rd period - Jordan Schroeder wins face-off versus Anton Lander in Mulligans zone.
14:03 of 3rd period - Slapshot by Jonathan Ferland.
14:03 of 3rd period - Goal by Jonathan Ferland - Mulligans : 4 - Senators : 5.
14:04 of 3rd period - Anton Lander wins face-off versus Jordan Schroeder in neutral zone.
14:07 of 3rd period - Jonathan Ferland is hit by Logan Shaw and loses puck.
14:16 of 3rd period - Logan Shaw is hit by Nick Foligno.
14:20 of 3rd period - Jordan Schroeder is hit by Brandon Carlo and loses puck.
15:56 of 3rd period - Ben Hutton is hit by Kevin Rooney.
16:03 of 3rd period - Penalty to Reid Boucher is over, Reid Boucher is back on ice.
16:55 of 3rd period - Philippe Myers is hit by Joonas Donskoi and loses puck.
17:02 of 3rd period - Wrist shot by Maxime Macenauer.
17:02 of 3rd period - Deflect By Joonas Donskoi.
17:02 of 3rd period - Stopped by Justin Peters with a rebound.
17:30 of 3rd period - Zachary Sanford is hit by Valeri Nichushkin and loses puck.
18:08 of 3rd period - Slapshot by Nick Foligno.
18:08 of 3rd period - Shot Misses the Net.
18:20 of 3rd period - Ilya Lyubushkin is hit by A.J. Jenks and loses puck.
18:41 of 3rd period - Snap shot by Anton Lander.
18:41 of 3rd period - Shot Blocked by Keegan Lowe.
18:43 of 3rd period - Slapshot by Robbie Russo.
18:43 of 3rd period - Stopped by Justin Peters with a rebound.
18:45 of 3rd period - Mulligans, Calvin Pickard is pulled from the net.
18:45 of 3rd period - Snap shot by Sven Baertschi.
18:45 of 3rd period - Shot Misses the Net.
19:12 of 3rd period - Brett Bulmer is hit by Valeri Nichushkin and loses puck.
19:53 of 3rd period - Snap shot by A.J. Jenks.
19:53 of 3rd period - Goal by A.J. Jenks - Mulligans : 4 - Senators : 6.
19:53 of 3rd period - Calvin Pickard from Mulligans was sent back in the game.
19:54 of 3rd period - Robby Fabbri wins face-off versus Chandler Stephenson in neutral zone.
Goals for this period are 0 for Mulligans vs 3 for Senators.
Shots for this period are 8 for Mulligans vs 8 for Senators.